Map: Arctic Dream LE

Players

qqq - Winner!

  • Race: Zerg Zerg
  • League: Platinum
  • Spawn Location: 12:00

Massa - Winner!

  • Race: Terran Terran
  • League: Gold
  • Spawn Location: 11:00

Pechenyshkin

  • Race: Terran Terran
  • League: Gold
  • Spawn Location: 5:00

Prosto

  • Race: Zerg Zerg
  • League: Platinum
  • Spawn Location: 6:00

VOD

Have the link to the VOD?

Description

Time

  • Played on: May 30, 2020, 7:59 a.m.
  • Length: 3:48
Show
View Real Time Build Order
Export as new Build Order

qqq Zerg - Winner!

Build Orders: Hatch First 

Get SALT Encoding   

  12  0:02  Drone  
  13  0:08  Drone  
  14  0:37  Hatchery  
  13  0:52  Spawning Pool  
  12  1:03  Overlord  
  12  1:05  Drone  
  12  1:06  Drone  
  14  1:15  Extractor  
  14  1:16  Drone  
  14  1:27  Drone  
  15  1:41  Queen  
  15  1:43  Drone  
  18  1:52  Queen  
  18  1:53  Drone  
  21  1:55  Drone  
  22  2:11  Zergling x2  
  22  2:14  Drone  
  22  2:15  Drone x2  
  26  2:19  Overlord  
  26  2:23  Zergling x2  
  27  2:31  Zergling x2  
  28  2:38  Drone  
  28  2:42  Zergling x2  
  28  2:43  Overlord  
  30  2:51  Drone  
  30  2:52  Baneling Nest  
  30  2:54  Zergling x2  
  31  3:06  Zergling x6  
  34  3:17  Drone x2, Zergling x2  
  34  3:18  Zergling x4  
Show
View Real Time Build Order
Export as new Build Order

Massa Terran - Winner!

Build Orders:  

Get SALT Encoding   

  12  0:11  Supply Depot  
  12  0:14  SCV  
  13  0:26  SCV  
  14  0:35  Barracks  
  14  0:38  SCV  
  15  0:50  SCV  
  15  0:55  Supply Depot  
  16  1:02  SCV  
  17  1:15  SCV  
  18  1:25  Refinery  
  18  1:26  Refinery  
  18  1:27  SCV  
  19  1:39  SCV  
  20  1:41  Marine  
  21  1:56  Barracks  
  21  1:59  Barracks, Marine  
  23  2:16  Marine  
  23  2:17  Orbital Command  
  23  2:32  Supply Depot  
  23  2:34  Supply Depot  
  24  2:39  Reaper  
  24  2:43  Reaper  
  25  2:48  Reaper  
  25  3:11  Reaper  
  26  3:16  Reaper  
  28  3:31  SCV  
Show
View Real Time Build Order
Export as new Build Order

Pechenyshkin Terran 

Build Orders:  

Get SALT Encoding   

  12  0:02  SCV  
  13  0:15  Supply Depot  
  13  0:18  SCV  
  14  0:25  Refinery  
  14  0:44  Barracks  
  14  0:50  Supply Depot  
  14  1:06  Barracks  
  14  1:11  SCV  
  15  1:23  SCV  
  16  1:35  SCV  
  17  1:41  Reaper  
  18  1:47  SCV  
  18  1:50  Barracks  
  19  1:54  Reaper  
  19  1:59  SCV  
  21  2:11  SCV  
  22  2:20  Reaper  
  23  2:27  Reaper  
  24  2:37  Barracks  
  24  2:39  Refinery  
  24  2:40  Reaper, Barracks  
  25  2:52  Reaper  
  26  2:58  Orbital Command  
  26  3:09  Reaper  
Show
View Real Time Build Order
Export as new Build Order

Prosto Zerg 

Build Orders: Pool First 

Get SALT Encoding   

  12  0:03  Drone  
  13  0:15  Overlord  
  13  0:16  Drone  
  14  0:33  Drone  
  15  0:39  Spawning Pool  
  14  0:43  Drone  
  15  0:55  Extractor  
  15  0:56  Drone x2  
  16  1:18  Hatchery  
  15  1:19  Drone  
  15  1:25  Drone  
  17  1:28  Zergling x2  
  18  1:43  Drone  
  18  1:44  Drone  
  20  1:58  Zergling x2  
  21  2:04  Overlord  
  21  2:19  Extractor, Queen  
  22  2:35  Queen  
  22  2:37  Drone x4  
  27  3:06  Drone  
  27  3:07  Drone x4  
  32  3:25  Zergling x2  
  32  3:26  Zergling x4  
Tags
 
Add a new tag
Caveats
  • Supply blocks, unpowered buildings, or Contaminate may cause inaccurate times.
  • Supply counts are checked every 10 seconds.